 Dungeon Crawl Stone Soup version 0.21-a0-203-gb066a6e (webtiles) character file.

479 aurelian the Skirmisher (level 6, 0/56 HPs)
             Began as a Draconian Ice Elementalist on Aug 19, 2017.
             Slain by Espgualade's ghost (1 damage)
             ... on level 4 of the Dungeon.
             The game lasted 00:14:03 (6190 turns).

aurelian the Skirmisher (DrIE)                      Turns: 6190, Time: 00:14:03

Health: 0/56       AC:  8    Str: 12    XL:     6   Next: 86%
Magic:  9/9        EV: 11    Int: 16    God:
Gold:   233        SH:  0    Dex: 11    Spells: 8/9 levels left

rFire    . . .     SeeInvis .   p - +1 whip (pain)
rCold    . . .     Gourm    .   (no shield)
rNeg     . . .     Faith    .   (armour unavailable)
rPois    .         Spirit   .   (helmet restricted)
rElec    .         Reflect  .   (no cloak)
rCorr    .         Harm     .   w - +0 pair of gloves
MR       .....                  B - +0 pair of boots
Stlth    ++........             (no amulet)
HPRegen  0.18/turn              (no ring)
MPRegen  0.11/turn              (no ring)

@: slowed, drained, very slow
A: unfitting armour, cold-blooded, AC +6
a: no special abilities


You were on level 4 of the Dungeon.
You were very hungry.

You visited 1 branch of the dungeon, and saw 4 of its levels.

You collected 275 gold pieces.
You spent 42 gold pieces at shops.

Inventory:

Hand Weapons
 h - a +0 short sword
 k - a +0 whip
 p - a +1 whip of pain (weapon)
 v - a +0 war axe of electrocution
 G - a +1 dagger of venom
Missiles
 c - 159 stones (quivered)
 f - 37 sling bullets
Armour
 w - a +0 pair of gloves (worn)
 B - a +0 pair of boots (worn)
Jewellery
 E - an uncursed ring of see invisible {unknown}
Wands
 s - a wand of random effects (48/48)
 C - a wand of polymorph (19/24)
Scrolls
 d - a scroll of fog
 e - 2 scrolls of teleportation
 i - a scroll of blinking {unknown}
 j - a scroll of amnesia {unknown}
 l - 3 scrolls of fear
 m - a scroll of random uselessness {unknown}
 q - 2 scrolls of identify
 y - a scroll of enchant armour {unknown}
 z - a scroll of noise {unknown}
 A - 2 scrolls of magic mapping
 D - 2 scrolls of remove curse
 F - 2 scrolls of enchant weapon {unknown}
Potions
 g - a potion of flight {unknown}
 n - 3 potions of lignification {unknown}
 o - 3 potions of curing {unknown}
 x - a potion of brilliance {unknown}
Books
 a - a book of Frost

   Spells                             Type                      Level
   a - Freeze                         Ice                          1
   b - Throw Frost                    Conjuration/Ice              2
   c - Ozocubu's Armour               Charms/Ice                   3
   d - Throw Icicle                   Conjuration/Ice              4
   e - Summon Ice Beast               Ice/Summoning                4
Comestibles
 b - 5 bread rations
 r - 3 royal jellies
 t - a meat ration
 u - 3 fruits


   Skills:
 + Level 5.4(4.5) Fighting
 * Level 4.1(3.2) Maces & Flails
 - Level 1.7(0.9) Dodging
 - Level 3.0(2.1) Stealth
 - Level 2.0(1.1) Spellcasting
   Level 1.0(0.2) Conjurations
 - Level 3.0(2.1) Ice Magic


You had 8 spell levels left.
You knew the following spells:

 Your Spells              Type           Power        Failure   Level  Hunger
a - Freeze                Ice            #...         10%         1    ##.....


Dungeon Overview and Level Annotations

Branches:
Dungeon (4/15)
 Temple: D:4-7

Altars:
Ashenzari
Nemelex Xobeh
Uskayaw

Shops:
D:4 :[?

Annotations:
D:4 exclusion: ice beast, Espgualade's ghost, amateur TeIE


Innate Abilities, Weirdness & Mutations

Your plain brown scales are hard. (AC +6)
You cannot fit into any form of body armour.
You are cold-blooded and may be slowed by cold attacks.


Message History

The orc hits you with a club. Espgualade's ghost barely misses you.
The orc wizard hits you but does no damage. x2
Espgualade's ghost whispers, "The ORB doesn't exist."
Espgualade's ghost points at you and mumbles some strange words.
You are frozen.
You feel as though you will be slow longer.
The orc wizard barely misses you. The orc wizard casts a spell at you.
The magic dart hits you! The orc hits you with a club.
The orc wizard hits you but does no damage.
Espgualade's ghost points at you and mumbles some strange words.
You are frozen.
* * * LOW HITPOINT WARNING * * *
You feel as though you will be slow longer.
You are feeling very hungry.
The orc wizard casts a spell.
The orc wizard blinks!
Espgualade's ghost hits you!
* * * LOW HITPOINT WARNING * * *
You feel drained.
You die...

##...##...##..###)#####....# #..
#.#.............[#......∩.####.#
#..............................#
###.###...................######
####.# #...................# ###
#..#.###...........o.......# #..
##....##...................# #.#
#..................>......# #.#
###............@W§.......#####.#
#.<##.........o...............
##W...........##.......####..#
####...####....#....#.........#
#..).....##.#......##......#..#
#........##......#.##..........
#..............###.####')####..
###..............###.#....)...#.o
...................#.#........#o.


You could see an orc wizard, Espgualade's ghost and an orc.

Vanquished Creatures
  A bullfrog (D:2)
  2 orc priests
  3 orc wizards
  2 worker ants
  9 adders
  An ooze (D:3)
  An adder skeleton (D:4)
  5 worms
  2 dart slugs (D:2)
  4 leopard geckos
  22 orcs
  7 bats
  4 giant cockroaches
  3 goblins
  7 hobgoblins
  9 jackals
  2 quokkas (D:3)
  5 ball pythons
  4 frilled lizards
  12 kobolds
  A quokka skeleton (D:4)
  9 rats
115 creatures vanquished.

Notes
Turn   | Place    | Note
-------+----------+-------------------------------------------
     0 | D:1      | aurelian the Draconian Ice Elementalist began the quest for the Orb.
     0 | D:1      | Reached XP level 1. HP: 14/14 MP: 3/3
   276 | D:1      | Reached skill level 1 in Fighting
   320 | D:1      | Reached XP level 2. HP: 16/23 MP: 3/5
  1017 | D:2      | Reached skill level 2 in Fighting
  1195 | D:2      | Reached XP level 3. HP: 24/29 MP: 6/6
  1804 | D:2      | Found a shattered altar of Ashenzari.
  1804 | D:2      | Found a hide-covered altar of Uskayaw.
  1961 | D:2      | Reached XP level 4. HP: 35/37 MP: 7/7
  1978 | D:2      | Reached skill level 3 in Fighting
  2343 | D:3      | Noticed a bullfrog
  2704 | D:3      | Reached skill level 4 in Fighting
  2972 | D:3      | Reached XP level 5. HP: 17/47 MP: 0/8
  3300 | D:3      | Found a sparkling altar of Nemelex Xobeh.
  3315 | D:2      | Reached skill level 1 in Maces & Flails
  3330 | D:2      | Reached skill level 5 in Fighting
  3659 | D:3      | Reached XP level 6. HP: 48/56 MP: 3/9
  4479 | D:4      | Noticed Espgualade's ghost (amateur TeIE)
  4537 | D:4      | Noticed an ice beast
  4557 | D:4      | Found Nobbey's Magic Scroll Boutique.
  4563 | D:4      | Bought a scroll of magic mapping for 42 gold pieces
  4576 | D:4      | Found Odghux's Antique Armour Emporium.
  5467 | D:4      | Found Nofuo's Book Emporium.
  6190 | D:4      | HP: 1/56 [Espgualade's ghost (9)]
  6190 | D:4      | Slain by Espgualade's ghost

Vault maps used:
D:1:      lemuel_arrival_cross, serial_bayou_pond_c
D:2:      gammafunk_temple_overflow_wave, minmay_misc_feat_four_crosses
D:3:      nemelex_xobeh_ov_fountains_minmay, grunt_ministairs_14
D:4:      minmay_temple_entry_fiery, first_bread, serial_shops,
          nicolae_shop_crystal, shop, shop_coins, kennysheep_generic_room_6

Skill      XL: |  1  2  3  4  5  6 |
---------------+-------------------+-----
Stealth        | 2 3 |  3.0
Fighting       | 1 2 4 5 |  5.4
Maces & Flails | 2 4 |  4.1
Dodging        | |  1.7
Spellcasting   | |  2.0
Conjurations   | |  1.0
Ice Magic      | |  3.0

Action                   |  1- 3 |  4- 6 || total
-------------------------+-------+-------++-------
Melee: Short sword       |    95 |    32 ||   127
       Unarmed           |     6 |       ||     6
       Tailslap          |     9 |    29 ||    38
       Whip              |       |   226 ||   226
 Cast: Freeze            |    49 |    99 ||   148
  Use: Scroll            |       |     6 ||     6
       Potion            |       |     2 ||     2
 Stab: Sleeping          |     2 |     2 ||     4
  Eat: Chunk             |     4 |    14 ||    18
       Fruit             |       |     1 ||     1
Armor: Skin              |    53 |   110 ||   163
Dodge: Dodged            |   126 |   222 ||   348
